 Dungeon Crawl Stone Soup version 0.29.1-15-g9cfb28693d (webtiles) character file.

Game seed: 9987663925862315235

1416 javelincjr the Magician (level 8, -4/58 HPs)
             Began as a Demonspawn Hedge Wizard on Mar 28, 2023.
             Was an Initiate of Sif Muna.
             Slain by an orc warrior
             ... wielding a +0 flail
              (7 damage)
             ... in the Ecumenical Temple.
             The game lasted 00:31:12 (7393 turns).

javelincjr the Magician (Demonspawn Hedge Wizard)   Turns: 7393, Time: 00:31:12

Health: -4/58      AC: 12    Str: 13    XL:     8   Next: 43%
Magic:  11/14      EV: 13    Int: 15    God:    Sif Muna [......]
Gold:   316        SH:  5    Dex: 13    Spells: 10/15 levels left

rFire   + . .      SeeInvis .   G - +7 falchion of the Grave {freeze, Will+ Stlth+}
rCold   . . .      Faith    .   (no shield)
rNeg    + . .      Spirit   .   b - +0 robe
rPois   .          Reflect  +   c - +0 hat
rElec   .          Harm     .   (no cloak)
rCorr   .          Rampage  .   (no gloves)
Will    +....                   p - +0 pair of boots
Stlth   +++.......              u - amulet of the Purple Skies {Reflect Fragile rN+ Regen+ SH+5}
HPRegen 0.99/turn               s - ring of protection from fire
MPRegen 0.14/turn               (no ring)

@: sanguine armoured
A: horns 1, powered by death 1, sanguine armour 2
a: Renounce Religion


You were in the Ecumenical Temple.
You worshipped Sif Muna.
Sif Muna was noncommittal.
You visited 2 branches of the dungeon, and saw 7 of its levels.

You collected 316 gold pieces.

Inventory:

Hand Weapons
 n - a +0 dagger of draining
 G - the +7 falchion of the Grave (weapon) {freeze, Will+ Stlth+}
   (You found it on level 6 of the Dungeon)

   It freezes those it strikes, dealing additional cold damage.
   It can also slow down cold-blooded creatures.
   Will:      It increases your willpower.
   Stlth:     It makes you more stealthy.
Missiles
 F - 2 boomerangs
Armour
 b - a +0 robe (worn)
 c - a +0 hat (worn)
 p - a +0 pair of boots (worn)
Magical Staves
 k - a staff of fire
Jewellery
 s - a ring of protection from fire (left hand)
 u - the amulet of the Purple Skies (around neck) {Reflect Fragile rN+ Regen+ SH+5}
   (You found it on level 3 of the Dungeon)

   [amulet of reflection]

   It reflects blocked missile attacks.
   rN:        It protects you from negative energy.
   Regen:     It increases your rate of health regeneration.
   Fragile:   It will be destroyed if unequipped.
   SH:        It affects your SH (+5).
Wands
 r - a wand of flame (11)
 y - a wand of roots (9)
 E - a wand of light (2)
Scrolls
 g - 2 scrolls of poison
 j - 3 scrolls of immolation
 l - 3 scrolls of enchant armour
 m - a scroll of enchant weapon {unknown}
 v - 3 scrolls of fear
 z - a scroll of blinking {unknown}
 A - a scroll of teleportation {unknown}
 C - 3 scrolls of fog
Potions
 d - 2 potions of magic
 e - 2 potions of degeneration {unknown}
 i - a potion of lignification {unknown}
 o - a potion of cancellation {unknown}
 q - a potion of attraction {unknown}
 t - 2 potions of curing {unknown}
 w - a potion of resistance {unknown}
 x - a potion of berserk rage {unknown}
 B - a potion of heal wounds {unknown}
 D - 2 potions of haste {unknown}


   Skills:
 + Level 3.1 Fighting
 + Level 2.6 Armour
 + Level 3.7 Dodging
 - Level 2.4 Stealth
 + Level 4.4 Spellcasting
 + Level 3.7 Conjurations
 + Level 3.8 Summonings
 + Level 3.4 Translocations
 + Level 2.8 Fire Magic


You had 10 spell levels left.
You knew the following spells:

 Your Spells              Type           Power      Damage    Failure   Level
a - Magic Dart            Conj           56%        1d5       3%          1
b - Call Imp              Summ           14%        N/A       5%          2
c - Blink                 Tloc           26%        N/A       6%          2

Your spell library contained the following spells:

 Spells                   Type           Power      Damage    Failure   Level
 Scorch                   Fire           22%        2d6       9%          2
 Lesser Beckoning         Tloc           13%        N/A       13%         3
 Conjure Flame            Conj/Fire      13%        6-21      14%         3
 Slow                     Hex            12%        N/A       17%         1
 Portal Projectile        Hex/Tloc       16%        N/A       26%         3
 Mephitic Cloud           Conj/Pois/Air  7%         N/A       30%         3
 Flame Wave               Conj/Fire      13%        2d6       41%         4
 Tukima's Dance           Hex            3%         N/A       45%         3
 Manifold Assault         Tloc           13%        N/A       75%         5
 Blade Hands              Tmut           1%         N/A       99%         5
 Summon Cactus Giant      Summ           7%         N/A       99%         6


Dungeon Overview and Level Annotations

Branches:
Dungeon (6/15)             Temple (1/1) D:6

Altars:
Fedhas
Gozag
Hepliaklqana
Makhleb
Nemelex Xobeh
Okawaru
Qazlal
Ru
Sif Muna
Trog
Xom
Yredelemnul

Shops:
D:4 (:[


Innate Abilities, Weirdness & Mutations

You have a pair of small horns on your head.
You regenerate a little health from kills.
When seriously injured, your blood forms thick armour. (AC +9)


Message History

The orc warrior is moderately wounded.
The orc warrior barely misses you.
You barely miss the orc warrior.
The orc warrior is moderately wounded.
The orc warrior barely misses you.
You barely miss the orc warrior.
The orc warrior is moderately wounded.
The orc warrior hits you with a +0 flail!
You hit the orc warrior but do no damage.
Your headbutt misses the orc warrior.
The orc warrior is moderately wounded.
The orc warrior hits you with a +0 flail.
The orc warrior hits you but does no damage.
You hit the orc warrior. You freeze the orc warrior.
The orc warrior is severely wounded.
You block the orc warrior's attack.
You slash the orc warrior! You freeze the orc warrior.
The orc warrior is almost dead.
The orc warrior closely misses you.
You barely miss the orc warrior.
The orc warrior is almost dead.
The orc warrior hits you with a +0 flail!
* * * LOW HITPOINT WARNING * * *
You block the orc warrior's attack.
You hit the orc warrior but do no damage.
The orc warrior is almost dead.
The orc warrior barely misses you.
You hit the orc warrior but do no damage.
The orc warrior is almost dead.
The orc warrior hits you with a +0 flail!
* * * LOW HITPOINT WARNING * * *
Casting: Magic Dart (safe; 3% risk of failure)
Confirm with . or Enter, or press ? or * to list all spells.
Okay, then.
Okay, then.
You closely miss the orc warrior.
The orc warrior is almost dead.
The orc warrior closely misses you.
The orc warrior hits you with a +0 flail!
You die...

#.._..###.....###.._..#
#.....##.......##.....#
##...'#.........#+...##
#####.....#.....#####
#.....###.....#
#######....#####....#######
##...##....#+...'#....##...##
#.....#...##.....##...#.....#
#.._..'...##..@).##...'.._..#
#.....#...##..o..##...#.....#
##...##....#+...'#....##...##
#######....#####....#######
#.....###.....#
#####...........#####
##...'#.........#'...##
#.....###.....###.....#
#.._..# ###'### #.._..#


You could see an orc warrior.

Vanquished Creatures
  A water moccasin (D:5)
  2 ice beasts (D:6)
  2 black bears (D:5)
  An ogre (D:4)
  A bullfrog (D:5)
  4 hounds
  A jelly (D:5)
  3 orc priests
  3 iguanas
  An orc wizard (D:6)
  5 adders
  An ufetubus (D:5)
  2 worms
  4 dart slugs
  8 orcs
  6 ball pythons
  2 bats (D:3)
  10 endoplasms
  2 giant cockroaches (D:2)
  4 goblins
  5 hobgoblins
  3 jackals (D:2)
  5 kobolds
  4 quokkas
  3 frilled lizards
  3 rats
86 creatures vanquished.

Vanquished Creatures (collateral kills)
  A sky beast (D:5)
  A centaur (D:5)
  A scorpion (D:5)
  A hound (D:5)
  An orc priest (D:4)
  2 adders (D:5)
  4 orcs
11 creatures vanquished.

Grand Total: 97 creatures vanquished

Notes
Turn   | Place    | Note
-------+----------+-------------------------------------------
     0 | D:1      | javelincjr the Demonspawn Hedge Wizard began the quest for
                  | the Orb.
     0 | D:1      | Reached XP level 1. HP: 13/13 MP: 4/4
    77 | D:1      | Reached skill level 1 in Translocations
   341 | D:1      | Gained mutation: You regenerate a little health from kills.
                  | [demonic ancestry]
   341 | D:1      | Reached XP level 2. HP: 19/19 MP: 1/6
   951 | D:1      | Found a faded altar of an unknown god.
  1706 | D:2      | Reached XP level 3. HP: 24/24 MP: 2/7
  2896 | D:3      | Noticed a scorpion
  2907 | D:3      | Gained mutation: When seriously injured, your blood forms
                  | armour. (AC +9) [demonic ancestry]
  2907 | D:3      | Reached XP level 4. HP: 22/30 MP: 5/8
  3511 | D:3      | Learned a level 2 spell: Call Imp
  3514 | D:3      | Learned a level 2 spell: Blink
  3553 | D:3      | Identified the amulet of the Purple Skies {Reflect Fragile
                  | rN+ Regen+ SH+5}
  3815 | D:4      | Noticed an ogre
  3937 | D:4      | Reached XP level 5. HP: 20/36 MP: 8/10
  3969 | D:4      | Found Lonus's Book Emporium.
  4083 | D:4      | Killed an ogre
  4084 | D:4      | Reached skill level 1 in Fighting
  4084 | D:4      | Reached skill level 1 in Fire Magic
  4240 | D:4      | Found Gypacif's Antique Armour Boutique.
  4316 | D:4      | Reached XP level 6. HP: 27/43 MP: 3/11
  4559 | D:4      | Reached skill level 1 in Armour
  4654 | D:4      | Found Pele's Weapon Emporium.
  5324 | D:5      | Entered Level 5 of the Dungeon
  5545 | D:5      | Gained mutation: You have a pair of small horns on your
                  | head. [demonic ancestry]
  5545 | D:5      | Reached XP level 7. HP: 39/49 MP: 12/12
  5603 | D:5      | Found a sparkling altar of Nemelex Xobeh.
  5757 | D:5      | Reached skill level 4 in Spellcasting
  6575 | D:6      | Gained mutation: When seriously injured, your blood forms
                  | thick armour. (AC +9) [demonic ancestry]
  6575 | D:6      | Reached XP level 8. HP: 53/57 MP: 1/14
  6735 | D:6      | Identified the +7 falchion of the Grave {freeze, Will+
                  | Stlth+}
  7006 | D:6      | Found a staircase to the Ecumenical Temple.
  7014 | Temple   | Entered the Ecumenical Temple
  7195 | Temple   | Became a worshipper of Sif Muna the Loreminder
  7392 | Temple   | HP: 2/58 [orc warrior/+0 flail (12)]
  7393 | Temple   | Slain by an orc warrior

Illustrated notes

Levels and vault maps discovered:
D:1:      nicolae_arrival_somewhat_less_tricky_arrival, layout_basic,
          serial_forest, infiniplex_forest_clump_small,
          infiniplex_forest_lined_2, infiniplex_forest_lined_room_,
          infiniplex_forest_zigzag_1, infiniplex_forest_zigzag_2,
          infiniplex_forest_lined_2, infiniplex_forest_clump_medium,
          infiniplex_forest_lined_3, basic_ecumenical_altar
D:2:      layout_basic
D:3:      layout_basic, minmay_misc_feat_nine_boxes, kennysheep_generic_room_3
D:4:      nicolae_cairo_tiling_large, layout_cave_pods, serial_shops,
          nicolae_shop_hallway_plus, shop, shop, portal_sewer_entry_d
D:5:      layout_basic, mainiacjoe_overflow_cross_hatched
D:6:      layout_rooms, minmay_temple_entry_water_ring
Temple:   nicolae_temple_figure_eight

Skill      XL: |  1  2  3  4  5  6  7  8 |
---------------+-------------------------+-----
Translocations | 1 2 3 |  3.4
Stealth        | 2 |  2.4
Dodging        | 2 3 |  3.7
Conjurations   | 2 3 |  3.7
Summonings     | 2 3 |  3.8
Fighting       | 1 2 3 |  3.1
Fire Magic     | 1 2 |  2.8
Armour         | 1 2 |  2.6
Spellcasting   | 4 |  4.4

Action                   |  1- 3 |  4- 6 |  7- 9 || total
-------------------------+-------+-------+-------++-------
Melee: Dagger            |    40 |    84 |   119 ||   243
       Short sword       |     7 |       |       ||     7
       Punch             |     1 |     3 |     2 ||     6
       Headbutt          |       |       |    28 ||    28
       Falchion          |       |       |    35 ||    35
 Cast: Magic Dart        |    97 |    82 |    53 ||   232
       Call Imp          |       |     5 |    12 ||    17
       Blink             |       |     2 |       ||     2
  Use: Scroll            |       |       |     5 ||     5
Armor: Robe              |    13 |    24 |    48 ||    85
Dodge: Dodged            |    26 |    74 |   118 ||   218
Block: Other             |       |    30 |    50 ||    80
       Reflection        |       |     1 |     1 ||     2
